 Dungeon Crawl Stone Soup version 0.28-a0-1624-g820543e53a (webtiles) character file.

Game seed: 13820281563879044243

1598 HallandMoats the Skirmisher (level 8, -9/71 HPs)
             Began as a Ghoul Fighter on Jan 23, 2022.
             Killed by divine providence
             ... invoked by an orc priest
              (10 damage)
             ... on level 6 of the Dungeon.
             The game lasted 00:07:50 (7428 turns).

HallandMoats the Skirmisher (Ghoul Fighter)         Turns: 7428, Time: 00:07:51

Health: -9/71      AC:  9    Str: 20    XL:     8   Next: 94%
Magic:  9/9        EV: 11    Int:  5    God:
Gold:   308        SH:  4    Dex:  8    Spells: 7/7 levels left

rFire   + . .      SeeInvis .   d - +2 dagger (venom)
rCold   + . .      Faith    .   b - +0 buckler
rNeg    + + +      Spirit   .   n - +0 ring mail {rF+}
rPois   ∞          Reflect  .   (no helmet)
rElec   .          Harm     .   (no cloak)
rCorr   .          Rampage  .   i - +2 pair of gloves
Will    .....                   (no boots)
Stlth   ..........              (no amulet)
HPRegen 0.00/turn               (no ring)
MPRegen 0.11/turn               (no ring)

@: inhibited regen
A: claws 1, cold resistance 1, negative energy resistance 3, inhibited
regeneration, torment resistance 2
a: no special abilities


You were on level 6 of the Dungeon.
You visited 1 branch of the dungeon, and saw 6 of its levels.

You collected 308 gold pieces.

Inventory:

Hand Weapons
 d - a +2 dagger of venom (weapon)
 m - a +2 vampiric whip
Armour
 b - a +0 buckler (worn)
 i - a +2 pair of gloves (worn)
 n - a +0 ring mail of fire resistance (worn)
Jewellery
 e - a ring of ice
 f - a ring of magical power
Wands
 g - a wand of acid (15)
Scrolls
 c - a scroll of fog
 h - 4 scrolls of teleportation {unknown}
 j - 2 scrolls of identify {unknown}
 l - a scroll of fear


   Skills:
 * Level 6.9 Fighting
 * Level 4.8 Long Blades
 + Level 4.3 Armour
 + Level 3.2 Dodging
 + Level 4.3 Shields
 - Level 2.1 Unarmed Combat
 + Level 3.8 Invocations


You had 7 spell levels left.
You didn't know any spells.
Your spell library contained the following spells:

 Spells                   Type           Power      Damage    Failure   Level
 Apportation              Tloc           0%         N/A       75%         1
 Alistair's Intoxication  Tmut/Pois      0%         N/A       100%        5


Dungeon Overview and Level Annotations

Branches:
Dungeon (6/15)
 Temple: D:4-7

Altars:
Fedhas
Sif Muna
Yredelemnul
The Shining One


Innate Abilities, Weirdness & Mutations

You thrive by killing the living.
You are immune to poison.
You have sharp fingernails.
Your flesh is cold resistant. (rC+)
You are immune to negative energy. (rN+++)
You do not regenerate when monsters are visible.
You are immune to unholy pain and torment.


Message History

The orc warrior hits you with a +0 mace.
You hit the orc warrior but do no damage.
The orc warrior hits you with a +0 mace.
You barely miss the orc warrior.
The orc warrior is lightly wounded.
You completely miss the orc warrior.
The orc warrior is lightly wounded.
The orc warrior hits you but does no damage.
You completely miss the orc warrior.
The orc warrior is moderately wounded.
The orc warrior hits you with a +0 mace.
The orc priest casts a cantrip, but nothing happens.
The orc warrior closely misses you.
The orc priest hits you but does no damage.
You closely miss the orc priest. You block the orc warrior's attack.
You block the orc priest's attack.
You hit the orc priest but do no damage.
The orc priest is poisoned.
The orc warrior hits you with a +0 mace!
The orc priest barely misses you.
You closely miss the orc priest. You block the orc warrior's attack.
The orc priest hits you but does no damage.
You barely miss the orc priest.
The orc priest is lightly wounded.
The orc warrior hits you with a +0 mace!
* * * LOW HITPOINT WARNING * * *
You hit the orc priest.
The orc priest is heavily wounded.
The orc priest hits you with a +0 dagger.
* * * LOW HITPOINT WARNING * * *
You block the orc warrior's attack.
The orc warrior hits you with a +0 mace!
* * * LOW HITPOINT WARNING * * *
It was a potion of lignification.
You feel woody for a moment.
The orc priest looks more healthy.
The orc priest hits you but does no damage.
The orc warrior closely misses you.
The orc priest calls down the wrath of Beogh upon you.
Beogh smites you!
You die...

### ##.#.....# #
##......# #########
#......# ##.......###
#.....## #..........###.
#....## ##..............
#....## #...............
#.....###o.......###.###
#..##)##.o.......# ...
#.. ##[@........## ..#
#.# #..........# o8 ##
##)........## .#
#..........#
#.........## #.........#
##........# #........>#
#..........#


You could see an orc warrior (very poisoned) and an orc priest.

Vanquished Creatures
  Sigmund (D:4)
  2 water moccasins
  3 black bears
  A sky beast (D:5)
  A centaur (D:5)
  A phantom (D:6)
  2 kobold brigands
  A scorpion (D:4)
  A centaur skeleton (D:5)
  2 jellies
  An orc priest (D:6)
  4 iguanas
  Terence (D:2)
  2 orc wizards
  A hound skeleton (D:4)
  3 adders (D:4)
  4 gnolls (D:6)
  A shadow imp (D:5)
  A dart slug (D:5)
  16 orcs
  11 endoplasms
  2 giant cockroaches
  9 goblins
  4 hobgoblins
  A jackal (D:4)
  4 quokkas
  8 ball pythons
  6 bats
  A frilled lizard (D:1)
  33 kobolds
  8 rats
136 creatures vanquished.

Vanquished Creatures (others)
  17 plants (D:4)
17 creatures vanquished.

Grand Total: 153 creatures vanquished

Notes
Turn   | Place    | Note
-------+----------+-------------------------------------------
     0 | D:1      | HallandMoats the Ghoul Fighter began the quest for the Orb.
     0 | D:1      | Reached XP level 1. HP: 19/19 MP: 0/0
   120 | D:1      | Reached XP level 2. HP: 8/26 MP: 1/1
  1218 | D:2      | Reached XP level 3. HP: 33/33 MP: 2/2
  1290 | D:2      | Reached skill level 1 in Long Blades
  1570 | D:2      | Noticed Terence
  1595 | D:2      | HP: 1/33 [Terence (2)]
  1598 | D:2      | Killed Terence
  1599 | D:2      | Reached skill level 1 in Invocations
  1599 | D:2      | Reached XP level 4. HP: 5/40 MP: 3/3
  1932 | D:2      | Reached skill level 4 in Fighting
  2603 | D:3      | Reached skill level 1 in Dodging
  2891 | D:3      | Found a basalt altar of Yredelemnul.
  2913 | D:3      | Found a blossoming altar of Fedhas.
  3272 | D:4      | Noticed Sigmund
  3286 | D:4      | Killed Sigmund
  3287 | D:4      | Reached XP level 5. HP: 17/47 MP: 3/5
  3287 | D:4      | Reached XP level 6. HP: 19/53 MP: 3/6
  3537 | D:4      | Noticed a black bear
  3539 | D:4      | Noticed a water moccasin
  3564 | D:4      | Killed a black bear
  3565 | D:4      | Reached skill level 5 in Fighting
  3584 | D:5      | Entered Level 5 of the Dungeon
  3888 | D:4      | Killed a water moccasin
  3889 | D:4      | Reached XP level 7. HP: 35/61 MP: 7/7
  4795 | D:4      | HP: 2/61 [kobold (3)]
  5757 | D:5      | Reached XP level 8. HP: 53/70 MP: 9/9
  5768 | D:5      | Reached skill level 6 in Fighting
  5952 | D:5      | Found a shimmering blue altar of Sif Muna.
  7426 | D:6      | HP: 1/71 [orc warrior (7)]
  7428 | D:6      | Killed from afar by an orc priest

Illustrated notes

Levels and vault maps discovered:
D:1:      scummos_arrival_checkerplants, layout_basic, nrook_mini_backslash,
          minmay_pentomino_w4
D:2:      layout_basic, chequers_arboretum, minivault_26,
          chequers_serial_rivers_room_a, chequers_serial_rivers_micro_e,
          st_stairs_14, uniq_terence
D:3:      layout_basic, nicolae_tso_carved_into_rock,
          mainiacjoe_overflow_two_lobes, minmay_curled_crystal, minivault_26,
          kennysheep_generic_room_4
D:4:      kennysheep_kobold_camp, layout_basic, st_stairs_3,
          minmay_misc_feat_chi, minmay_fractal_squares_gapless_5, uniq_sigmund
D:5:      layout_basic, lemuel_round_altar
D:6:      layout_cave_pods, pf_guarded_unrand_meek, uniq_pikel

Skill      XL: |  1  2  3  4  5  6  7  8 |
---------------+-------------------------+-----
Long Blades    | 1 2 3 4 |  4.8
Invocations    | 1 2 3 |  3.8
Fighting       | 4 5 6 |  6.9
Armour         | 3 4 |  4.3
Dodging        | 1 2 3 |  3.2
Shields        | 3 4 |  4.3
Unarmed Combat | |  2.1

Action                   |  1- 3 |  4- 6 |  7- 9 || total
-------------------------+-------+-------+-------++-------
Melee: Unarmed           |   124 |       |       ||   124
       Dagger            |       |   125 |   352 ||   477
  Use: Potion            |     1 |     3 |     1 ||     5
       Scroll            |       |     2 |       ||     2
Armor: Scale mail        |    55 |    46 |   139 ||   240
       Ring mail         |       |       |     4 ||     4
Dodge: Dodged            |    51 |    51 |   157 ||   259
Block: Buckler           |    27 |    17 |    68 ||   112

Table legend: (Time is in decaauts)
 A = Elapsed time spent in this place.
 B = Non-inter-level travel time spent in this place.
 C = Inter-level travel time spent in this place.
 D = Time resting spent in this place.
 E = Time spent auto-exploring this place.
 F = Levels seen in this place.
 G = Mean time per level.
                   A        B        C        D        E       F      G
               +--------+--------+--------+--------+--------+-----+--------+
         Total |   7402 |   7244 |    158 |    281 |   5631 |   6 | 1233.7 |
       Dungeon |   7402 |   7244 |    158 |    281 |   5631 |   6 | 1233.7 |
               +--------+--------+--------+--------+--------+-----+--------+

Top non-repeatable levels by time:
     D:4: 2137 daAuts
     D:5: 1301 daAuts
     D:1: 1204 daAuts
     D:2: 1174 daAuts
     D:3: 829 daAuts
     D:6: 755 daAuts
